Map: Altitude LE

Players

A.I. 1 (Elite)

  • Race: Zerg Zerg
  • Spawn Location: 7:00

Drift - Winner!

  • Race: Terran Terran
  • League: Diamond
  • Spawn Location: 1:00

VOD

Have the link to the VOD?

Description

Time

  • Played on: Feb. 19, 2023, 5:56 p.m.
  • Length: 13:09
Show
View Real Time Build Order
Export as new Build Order

A.I. 1 (Elite) Zerg 

Build Orders: Pool First 

Get SALT Encoding   

  12  0:00  Drone  
  13  0:12  Overlord  
  13  0:17  Drone  
  14  0:30  Drone x2  
  16  0:43  Spawning Pool  
  16  0:45  Drone  
  16  0:49  Drone  
  17  1:17  Extractor  
  16  1:31  Zergling x2, Drone x2, Queen  
  21  1:42  Zergling x2  
  22  1:53  Overlord  
  22  2:11  Drone, Queen  
  22  2:13  Drone  
  22  2:14  Roach Warren  
  25  2:15  Extractor  
  24  2:24  Drone  
  25  2:35  Drone  
  26  2:38  Drone x2, Overlord  
  28  2:47  Drone  
  29  2:57  Drone  
  30  3:08  Drone  
  31  3:19  Zergling x2  
  32  3:22  Roach, Drone, Overlord  
  35  3:31  Roach, Lair  
  37  3:36  Metabolic Boost  
  37  3:41  Roach  
  39  3:50  Roach, Drone x2  
  39  3:53  Drone  
  44  4:04  Drone  
  44  4:14  Overlord  
  44  4:19  Drone  
  45  4:32  Zergling x2, Drone x2  
  45  4:33  Evolution Chamber  
  45  4:35  Evolution Chamber  
  46  4:43  Drone  
  47  4:48  Infestation Pit, Drone x3  
  49  4:55  Drone  
  50  5:00  Zerg Missile Weapons Level 1  
  50  5:05  Overlord  
  50  5:16  Drone x2  
  50  5:17  Drone  
  52  5:24  Roach, Zerg Ground Armor Level 1  
  52  5:25  Hydralisk Den  
  52  5:28  Overlord  
  53  5:34  Ravager  
  53  5:39  Roach  
  55  5:45  Infestor, Roach  
  55  5:46  Roach  
  61  5:50  Overlord  
  61  5:53  Hatchery  
  60  6:02  Roach  
  62  6:12  Hydralisk  
  62  6:13  Hydralisk x2  
  62  6:15  Hydralisk  
  70  6:24  Overlord  
  68  6:35  Zergling x2  
  68  6:42  Zergling x2  
  68  6:43  Infestor  
  71  6:57  Ravager  
  72  7:02  Roach  
  72  7:06  Drone x2  
  72  7:07  Drone  
  77  7:11  Zergling x2, Drone x2  
  77  7:13  Drone  
  80  7:16  Drone  
  80  7:24  Zergling x2  
  80  7:25  Extractor, Hatchery  
  80  7:26  Drone  
  80  7:35  Drone  
  81  7:37  Drone  
  81  7:39  Hydralisk, Overlord  
  81  7:43  Hydralisk  
  86  7:45  Overseer  
  86  7:46  Hydralisk  
  86  7:48  Drone  
  89  7:57  Hydralisk  
  91  7:58  Overlord  
  91  8:08  Infestor  
  91  8:11  Extractor  
  92  8:28  Zergling x8  
  92  8:29  Zergling x2, Baneling Nest  
  92  8:31  Drone  
  92  8:32  Evolution Chamber  
  80  8:36  Zergling x2  
  80  8:37  Zergling x2, Roach, Drone  
  80  8:40  Drone  
  78  8:41  Drone  
  78  8:47  Drone  
  80  8:50  Drone  
  80  8:52  Drone  
  82  8:56  Zerg Melee Weapons Level 1  
  82  8:58  Drone  
  82  9:01  Drone  
  84  9:03  Drone  
  84  9:04  Hydralisk  
  84  9:05  Infestor, Drone  
  84  9:09  Drone  
  91  9:13  Baneling x5, Drone  
  91  9:14  Baneling, Drone  
  91  9:16  Baneling  
  93  9:19  Drone  
  93  9:23  Drone  
  95  9:24  Drone  
  95  9:30  Drone  
  97  9:34  Roach x2, Drone  
  97  9:35  Drone x2  
  104  9:41  Drone  
  104  9:45  Hydralisk  
  105  9:46  Baneling x2, Drone  
  105  9:47  Extractor  
  105  9:52  Drone  
  108  9:53  Extractor  
  108  9:56  Drone  
  108  9:57  Roach  
  110  10:02  Infestor, Drone, Overlord  
  113  10:10  Drone  
  114  10:20  Drone, Overlord  
  114  10:21  Roach x2, Drone  
  120  10:23  Spine Crawler  
  120  10:24  Drone  
  120  10:25  Spine Crawler  
  111  10:29  Zergling x2  
  111  10:30  Zergling x2  
  111  10:31  Zergling x2, Drone x2  
  87  10:39  Hydralisk  
  87  10:41  Drone  
  62  10:50  Zergling x2  
  62  10:52  Roach  
  62  10:53  Baneling Nest  
  59  10:59  Drone  
  59  11:00  Zergling x2, Roach  
  59  11:01  Infestor  
  59  11:04  Roach  
  60  11:12  Hydralisk  
  60  11:13  Hatchery  
  28  11:38  Overlord  
  28  11:39  Baneling  
  27  11:40  Spawning Pool  
  26  11:57  Overlord  
  25  12:15  Hatchery  
  24  12:21  Overlord  
  24  12:22  Drone x2  
  17  12:32  Zergling x2  
  17  12:33  Roach Warren  
Show
View Real Time Build Order
Export as new Build Order

Drift Terran - Winner!

Build Orders: Reaper Expand 

Get SALT Encoding   

  12  0:00  SCV  
  13  0:12  SCV  
  14  0:17  Supply Depot  
  14  0:24  SCV  
  15  0:39  SCV  
  15  0:40  Barracks  
  16  0:45  Refinery  
  16  0:51  SCV  
  17  1:03  SCV  
  18  1:15  SCV  
  19  1:27  Orbital Command  
  19  1:28  Reaper  
  20  1:44  Command Center  
  20  1:57  Supply Depot  
  20  1:58  SCV  
  20  2:01  Marine  
  22  2:10  SCV  
  23  2:22  Factory  
  23  2:23  Barracks Reactor  
  23  2:26  SCV  
  24  2:30  Refinery  
  24  2:38  SCV  
  25  2:50  SCV  
  26  2:56  Orbital Command  
  26  3:02  SCV  
  27  3:09  Starport  
  27  3:12  Barracks Tech Lab  
  27  3:14  SCV  
  28  3:24  SCV  
  28  3:26  SCV  
  30  3:36  SCV, Hellion x2  
  30  3:39  SCV  
  36  3:48  SCV  
  37  3:51  SCV, Starport Reactor  
  37  3:54  Stimpack  
  37  3:55  Supply Depot  
  38  3:56  Marine  
  38  4:00  SCV  
  40  4:03  SCV  
  40  4:04  Command Center  
  40  4:12  SCV  
  40  4:15  SCV  
  40  4:16  Barracks  
  42  4:19  Barracks  
  42  4:22  Hellion x2  
  46  4:24  Marine  
  46  4:30  Supply Depot  
  47  4:31  SCV x2  
  49  4:43  SCV, Hellion  
  49  4:44  Hellion  
  54  4:51  Starport Reactor  
  54  4:52  SCV, Marine  
  56  4:55  Supply Depot  
  56  4:56  SCV  
  56  4:59  Supply Depot  
  57  5:04  SCV  
  57  5:05  Hellion x2  
  62  5:07  Refinery  
  62  5:09  Refinery  
  62  5:12  Engineering Bay x2  
  62  5:16  SCV x2  
  64  5:26  Hellion  
  64  5:28  SCV x2, Orbital Command  
  68  5:37  Barracks Reactor x2  
  68  5:40  SCV x2, Medivac x2  
  74  5:48  Supply Depot  
  74  5:52  SCV x2, Orbital Command  
  74  5:56  Barracks  
  76  6:00  Factory Tech Lab  
  76  6:02  Barracks  
  76  6:04  SCV  
  76  6:05  SCV  
  76  6:06  Combat Shield  
  76  6:09  Terran Infantry Weapons Level 1, Terran Infantry Armor Level 1  
  78  6:16  SCV  
  78  6:17  SCV x2  
  81  6:24  Marine x4  
  87  6:25  Marauder  
  87  6:28  SCV  
  87  6:29  SCV x2  
  88  6:33  Armory  
  88  6:39  Command Center  
  88  6:41  SCV x3  
  88  6:46  Marine x2  
  93  6:47  Marine x2  
  93  6:48  Marauder  
  93  6:52  Siege Tank  
  93  6:53  SCV  
  101  7:03  SCV x2, Marine x4  
  101  7:06  Supply Depot x2  
  101  7:07  Supply Depot  
  107  7:09  Supply Depot  
  107  7:12  Supply Depot  
  107  7:13  SCV  
  108  7:15  SCV  
  108  7:22  Marine x3, Marauder  
  105  7:23  Marine x3  
  105  7:25  Concussive Shells  
  105  7:28  Marine x2  
  111  7:30  SCV x3, Refinery  
  114  7:40  Marine x2  
  114  7:42  SCV, Refinery, Marine x4  
  114  7:43  Marauder  
  123  7:45  Marine x2  
  125  7:51  Barracks  
  125  7:53  Barracks  
  125  7:58  Marine x2  
  127  7:59  Marine  
  127  8:04  SCV x2  
  127  8:05  SCV, Marauder  
  133  8:10  Supply Depot, Command Center  
  133  8:14  Supply Depot  
  133  8:16  SCV x2  
  133  8:17  SCV  
  133  8:18  Marine x4  
  140  8:22  Marine x2  
  140  8:23  Marine x2  
  140  8:26  Marauder  
  144  8:28  SCV x2  
  144  8:29  SCV  
  129  8:37  Medivac x2  
  111  8:47  Marauder  
  113  8:50  Marine  
  113  8:51  Marine x7  
  113  8:53  Barracks Tech Lab  
  113  8:54  Barracks Tech Lab  
  121  9:00  Planetary Fortress  
  121  9:03  Refinery  
  121  9:04  SCV x3  
  121  9:05  Refinery  
  121  9:07  Medivac x2  
  121  9:08  Marine  
  121  9:09  Marine x5, Marauder  
  136  9:10  Marine x2  
  136  9:16  SCV x2  
  140  9:26  Marine  
  140  9:27  Marine x3  
  140  9:28  Command Center  
  140  9:29  Supply Depot x2  
  140  9:30  Marauder  
  146  9:33  Siege Tank  
  146  9:37  Marine x3, Medivac x2  
  146  9:38  Marine  
  157  9:44  Marine  
  158  9:45  Marine x2  
  158  9:46  Marine  
  158  9:52  SCV x3, Marauder  
  166  9:53  SCV  
  166  9:55  Marine x3  
  166  9:56  Marine  
  171  10:02  Marine  
  171  10:03  Marine  
  171  10:04  SCV x2  
  171  10:05  SCV x2  
  177  10:11  Medivac x2  
  181  10:16  SCV  
  181  10:17  SCV x2  
  177  10:33  Marine  
  177  10:34  Marine x8  
  173  10:37  Siege Tank  
  173  10:40  Marauder x2  
  173  10:41  Medivac x2  
  173  10:42  Missile Turret  
  176  10:51  Marine  
  176  10:52  Marine x5, Marauder  
  176  10:57  Marine x2  
  171  11:01  Missile Turret, Marauder x2  
  171  11:09  Siege Tank, Marine x2  
  171  11:10  Marine x4  
  174  11:12  SCV x4  
  174  11:14  Marine, Marauder  
  174  11:15  Marine  
  177  11:22  Marauder x2  
  177  11:24  SCV x4  
  182  11:27  Marine x4  
  186  11:33  Marine x4  
  186  11:35  Marauder  
  186  11:36  SCV x4  
  196  11:41  Siege Tank  
  196  11:45  Marine  
  200  11:58  Planetary Fortress  
  200  11:59  Factory  
  200  12:00  Factory, Refinery, Barracks  
  200  12:01  Refinery  
Tags
 
Add a new tag
Caveats
  • Supply blocks, unpowered buildings, or Contaminate may cause inaccurate times.
  • Supply counts are checked every 10 seconds.